 Dungeon Crawl Stone Soup version 0.28-b1-25-g9875b3fc8c (webtiles) character file.

Game seed: 16277678709019783852

148 dorian the Chopper (level 5, -7/32 HPs)
             Began as a Gargoyle Fighter on Feb 7, 2022.
             Was a Believer of Nemelex Xobeh.
             Mangled by Maggie (10 damage)
             ... on level 6 of the Dungeon.
             The game lasted 00:03:25 (3779 turns).

dorian the Chopper (Gargoyle Fighter)               Turns: 3779, Time: 00:03:25

Health: -7/32      AC: 10    Str: 21    XL:     5   Next: 30%
Magic:  5/5        EV:  9    Int: 15    God:    Nemelex Xobeh [**....]
Gold:   58         SH:  4    Dex:  9    Spells: 4/4 levels left

rFire   . . .      SeeInvis .   a - +0 war axe
rCold   . . .      Faith    .   c - +0 buckler
rNeg    + . .      Spirit   .   b - +0 scale mail
rPois   ∞          Reflect  .   (no helmet)
rElec   +          Harm     .   (no cloak)
rCorr   .          Rampage  .   (no gloves)
Will    .....                   (no boots)
Stlth   ..........              (no amulet)
HPRegen 0.10/turn               f - +6 ring of intelligence
MPRegen 0.09/turn               (no ring)

@: mighty, mesmerised
A: sickness immunity, AC +4, negative energy resistance 1, electricity
resistance, torment resistance 1, petrification resistance
a: Renounce Religion, Draw Escape, Draw Destruction, Draw Summoning


You were on level 6 of the Dungeon.
You worshipped Nemelex Xobeh.
Nemelex Xobeh was pleased with you.
You visited 1 branch of the dungeon, and saw 4 of its levels.

You collected 58 gold pieces.

Inventory:

Hand Weapons
 a - a +0 war axe (weapon)
 o - a +2 vampiric whip
Armour
 b - a +0 scale mail (worn)
 c - a +0 buckler (worn)
Jewellery
 f - a +6 ring of intelligence (left hand)
Scrolls
 h - a scroll of vulnerability {unknown}
 i - 2 scrolls of teleportation {unknown}
 k - a scroll of blinking {unknown}
 n - a scroll of identify {unknown}
 q - a scroll of acquirement {unknown}
Potions
 e - a potion of lignification {unknown}
 g - 2 potions of degeneration {unknown}
 j - a potion of resistance {unknown}
 l - a potion of flight {unknown}
 m - a potion of heal wounds {unknown}
 p - a potion of invisibility {unknown}


   Skills:
 - Level 3.2 Fighting
 + Level 4.6 Axes
 - Level 3.2 Armour
 - Level 1.0 Dodging
 - Level 3.2 Shields


You had 4 spell levels left.
You didn't know any spells.
Your spell library contained the following spells:

 Spells                   Type           Power      Damage    Failure   Level
 Gell's Gravitas          Tloc           0%         N/A       96%         3
 Lesser Beckoning         Tloc           0%         N/A       96%         3
 Ozocubu's Armour         Ice            0%         N/A       96%         3
 Teleport Other           Tloc           0%         N/A       96%         3
 Ozocubu's Refrigeration  Ice            0%         4d5       100%        7


Dungeon Overview and Level Annotations

Branches:
Dungeon (3/15)             Temple (0/1) D:6

Altars:
Elyvilon
Nemelex Xobeh

Annotations:
D:6 Maggie


Innate Abilities, Weirdness & Mutations

You are immune to sickness and miasma.
Your stone body is resilient. (AC +4)
You are immune to poison.
You resist negative energy. (rN+)
You are resistant to electric shocks. (rElec)
You are resistant to unholy torment.
You are immune to petrification.


Message History

You fall into a shaft and drop 3 floors!
The shaft crumbles and collapses.
You hear the sound of rushing water.
There is an entrance to a sewer on this level.
Hurry and find it before the portal rusts away!
Found 12 gold pieces and a scroll labelled XOTELY YMALAIC.
Found a staircase to the Ecumenical Temple.
Maggie the Vainglorious comes into view.
She is wielding a +0 glaive.
Maggie says, "How do the people who live here stand the isolation?"
Maggie casts a spell at you. The bolt of fire hits you!
You see here 12 gold pieces.
You feel very mighty all of a sudden. You block Maggie's attack.
Maggie gestures wildly while chanting.
Maggie attempts to bespell you!
You are mesmerised by Maggie!
You slash Maggie!
Maggie is moderately wounded.
You block Maggie's attack.
You hit Maggie.
Maggie is heavily wounded.
Maggie hits you with a +0 glaive!
You closely miss Maggie.
Maggie is heavily wounded.
Maggie hits you with a +0 glaive!
* * * LOW HITPOINT WARNING * * *
Maggie hits you with a +0 glaive.
* * * LOW HITPOINT WARNING * * *
You barely miss Maggie.
Maggie is heavily wounded.
Maggie mumbles some strange words.
Maggie draws you further into her thrall.
You slash Maggie!
Maggie is severely wounded.
You block Maggie's attack.
You hit Maggie.
Maggie is severely wounded.
You block Maggie's attack. Maggie hits you with a +0 glaive!
You die...
Your body glows slightly and disappears.

...##
#...#. #
#.... .##
##.>.#
###..#
.....#....#
#...#..#
##....#
#.#.$.#
#.@@..#
#..#.##
.......#
#.....###
#..?..
#.....
#.....
####..


You could see Maggie (mesmerising).

Vanquished Creatures
  5 gnolls
  4 adders
  A dart slug (D:2)
  An orc (D:3)
  4 ball pythons
  4 bats
  6 endoplasms
  A giant cockroach (D:2)
  6 goblins
  5 hobgoblins
  7 jackals
  2 kobolds
  4 quokkas
  5 frilled lizards
  5 rats
60 creatures vanquished.

Notes
Turn   | Place    | Note
-------+----------+-------------------------------------------
     0 | D:1      | dorian the Gargoyle Fighter began the quest for the Orb.
     0 | D:1      | Reached XP level 1. HP: 14/14 MP: 1/1
    33 | D:1      | Reached skill level 2 in Axes
    79 | D:1      | Reached XP level 2. HP: 16/19 MP: 2/2
   305 | D:1      | Reached skill level 3 in Axes
   305 | D:1      | Reached XP level 3. HP: 23/23 MP: 3/3
  1615 | D:1      | Reached XP level 4. HP: 16/28 MP: 4/4
  1857 | D:2      | Found a faded altar of an unknown god.
  1971 | D:2      | Prayed at the altar of an unknown god.
  1971 | D:2      | Became a worshipper of Nemelex Xobeh the Trickster
  1971 | D:2      | Reached * piety under Nemelex Xobeh
  2024 | D:2      | Reached skill level 4 in Axes
  2182 | D:2      | Received a gift from Nemelex Xobeh
  2430 | D:2      | Reached skill level 1 in Dodging
  2430 | D:2      | Reached XP level 5. HP: 31/32 MP: 5/5
  3157 | D:3      | Reached ** piety under Nemelex Xobeh
  3478 | D:3      | Found a white marble altar of Elyvilon.
  3494 | D:3      | Received a gift from Nemelex Xobeh
  3769 | D:3      | You fall into a shaft and drop 3 floors!
  3769 | D:6      | Found a staircase to the Ecumenical Temple.
  3770 | D:6      | Noticed Maggie
  3779 | D:6      | Mangled by Maggie

Illustrated notes

Levels and vault maps discovered:
D:1:      nzn_arrival_settlement, layout_basic, glass_columns_a,
          minmay_tromino_i4
D:2:      layout_loops_corners, dreamdust_ecumenical_altar_angels_and_demons,
          hangedman_decor_push, glass_columns_b
D:3:      layout_basic, elyvilon_altar_4, gammafunk_temple_overflow_elements
D:6:      layout_basic, minmay_temple_entry_arrows, lightli_sewer_entry_pipes,
          uniq_maggie

Skill      XL: |  1  2  3  4 |
---------------+-------------+-----
Axes           | 2 3 4 |  4.6
Dodging        | 1 |  1.0
Fighting       | |  3.2
Armour         | |  3.2
Shields        | |  3.2

Action                   |  1- 3 |  4- 6 || total
-------------------------+-------+-------++-------
Melee: War axe           |    85 |   121 ||   206
  Use: Potion            |       |     1 ||     1
Armor: Scale mail        |    54 |    60 ||   114
Dodge: Dodged            |    44 |    68 ||   112
Block: Buckler           |    13 |    43 ||    56
